 Dungeon Crawl Stone Soup version 0.20.1-1-g8b1a95d (webtiles) character file.

116 Giltor the Sneak (level 4, -1/21 HPs)
             Began as a Spriggan Enchanter on July 14, 2017.
             Was an Initiate of Dithmenos.
             Slain by an orc
             ... wielding a +0 flail
              (4 damage)
             ... on level 3 of the Dungeon.
             The game lasted 00:37:28 (3739 turns).

Giltor the Sneak (Spriggan Enchanter)               Turns: 3739, Time: 00:37:29

Health: -1/21      AC:  2    Str:  5    XL:     4   Next: 70%
Magic:  3/9        EV: 18    Int: 16    God:    Dithmenos [......]
Gold:   147        SH:  0    Dex: 16    Spells: 2/8 levels left

rFire    x . .     SeeInvis +   a - +1 dagger
rCold    + . .     Gourm    .   (shield restricted)
rNeg     + . .     Faith    .   g - +0 robe {rN+}
rPois    .         Spirit   .   (helmet restricted)
rElec    .         Reflect  .   (no cloak)
rCorr    .         Harm     .   (gloves unavailable)
MR       .....                  (boots unavailable)
Stlth    ++++......             (no amulet)
Regen    0.1/turn               m - ring of ice
MPRegen  0.2/turn               (no ring)

@: very slightly contaminated, very quick
A: unfitting armour, see invisible, herbivore 3, speed 3, slow metabolism 2
a: Renounce Religion


You were on level 3 of the Dungeon.
You worshipped Dithmenos.
Dithmenos was noncommittal.
You were full.

You visited 1 branch of the dungeon, and saw 3 of its levels.

You collected 147 gold pieces.

Inventory:

Hand Weapons
 a - a +1 dagger (weapon)
Armour
 b - a +0 robe
 g - a +0 robe of positive energy (worn)
Jewellery
 m - a ring of ice (left hand)
Scrolls
 h - 2 scrolls of remove curse
 i - 2 scrolls of magic mapping
 k - a scroll of amnesia
 l - 2 scrolls of recharging
 n - a scroll of teleportation
 o - a scroll of enchant armour {unknown}
Potions
 e - 2 potions of curing
 f - 2 potions of heal wounds
 p - a potion of mutation {unknown}
 q - 2 potions of haste {unknown}
 r - a potion of resistance {unknown}
Books
 c - a book of Maledictions

   Spells                             Type                      Level
   a - Corona                         Hexes                        1
   b - Ensorcelled Hibernation        Hexes/Ice                    2
   c - Confuse                        Hexes                        3
   d - Tukima's Dance                 Hexes                        3
   e - Dazzling Spray                 Conjuration/Hexes            3
Comestibles
 d - a bread ration
 j - a royal jelly


   Skills:
 * Level 2.3 Short Blades
 - Level 3.0 Dodging
 - Level 7.5 Stealth
 - Level 2.6 Spellcasting
 - Level 3.6 Hexes
 - Level 1.0 Ice Magic


You had 2 spell levels left.
You knew the following spells:

 Your Spells              Type           Power        Failure   Level  Hunger
a - Corona                Hex            ##.....      4%          1    #......
b - Ensorcelled Hibernat  Hex/Ice        ##....       12%         2    ##.....
c - Tukima's Dance        Hex            ##......     13%         3    ###....


Dungeon Overview and Level Annotations

Branches:
Dungeon (3/15)

Altars:
Dithmenos
Gozag
Okawaru

Annotations:
D:3 dafubar's ghost, amateur HOMo


Innate Abilities, Weirdness & Mutations

You are very small and have problems with some larger weapons.
You are too small for most types of armour.
You have supernaturally acute eyesight. (SInv)
You are a herbivore.
You cover ground extremely quickly.
You need consume almost no food.


Message History

The orc is heavily wounded.
The orc misses you.
You barely miss the orc.
The orc is heavily wounded.
The orc hits you with a flail.
You hit the orc but do no damage.
The orc is heavily wounded.
You hit the orc but do no damage.
The orc is heavily wounded.
The orc hits you with a flail!
* * * LOW HITPOINT WARNING * * *
Casting: Ensorcelled Hibernation
Confirm with . or Enter, or press ? or * to list all spells.
Aiming: Ensorcelled Hibernation
Press: ? - help, Shift-Dir - straight line, f/p - orc
Aim: an orc, wielding a flail and wearing a runed ring mail (heavily wounded, chance to defeat MR: 62%)
You feel a surge of power!
You miscast Ensorcelled Hibernation.
You are very lightly contaminated with residual magic.
Nothing appears to happen.
The orc hits you with a flail.
You die...

................>#
##...###########.# ##...#
#.# .....###########.#
.....'......o..#.#
.....#########.#.# .....#
#.#)# .....# #.#.# .....#
#o#@######
###.##*******#.o...)..#
#*#.#*,,,,,,*###.####.#
.*#.#*,****,***#)# *,*
,**>**,,,,,,,,,#.# *,*
,**,**,,,,,,,,,#.# *,*
,**,**,,,,,,,,,#.# *,###
,**,**,,,,,,,,,#.#***,#<#
,,*,*#............,,,,#.#


You could see an orc.

Vanquished Creatures
  An orc wizard (D:3)
  2 adders (D:2)
  An ooze (D:3)
  A worm (D:2)
  3 dart slugs
  4 orcs (D:3)
  2 giant cockroaches
  6 goblins
  9 hobgoblins
  4 jackals (D:1)
  A ball python (D:2)
  2 bats
  4 frilled lizards
  8 kobolds
  9 rats
57 creatures vanquished.

Notes
Turn   | Place    | Note
-------+----------+-------------------------------------------
     0 | D:1      | Giltor the Spriggan Enchanter began the quest for the Orb.
     0 | D:1      | Reached XP level 1. HP: 9/9 MP: 5/5
    87 | D:1      | Reached skill level 5 in Stealth
   105 | D:1      | Reached XP level 2. HP: 10/13 MP: 6/6
   251 | D:1      | Learned a level 2 spell: Ensorcelled Hibernation
  1308 | D:1      | Reached XP level 3. HP: 9/16 MP: 0/8
  1669 | D:2      | Reached skill level 1 in Ice Magic
  2451 | D:2      | Reached skill level 6 in Stealth
  2683 | D:3      | Learned a level 3 spell: Tukima's Dance
  2706 | D:3      | Reached XP level 4. HP: 17/21 MP: 4/9
  3029 | D:3      | Noticed dafubar's ghost (amateur HOMo)
  3250 | D:3      | Found an opulent altar of Gozag.
  3250 | D:3      | Found a shadowy altar of Dithmenos.
  3250 | D:3      | Found an iron altar of Okawaru.
  3265 | D:3      | Became a worshipper of Dithmenos the Shadowed
  3671 | D:3      | Reached skill level 7 in Stealth
  3739 | D:3      | Slain by an orc

Skill      XL: |  1  2  3  4 |
---------------+-------------+-----
Stealth        | 5 6 7 |  7.5
Short Blades   | 2 |  2.3
Ice Magic      | 1 |  1.0
Dodging        | |  3.0
Spellcasting   | |  2.6
Hexes          | |  3.6

Action                   |  1- 3 |  4- 6 || total
-------------------------+-------+-------++-------
Melee: Dagger            |   154 |    41 ||   195
 Cast: Corona            |     4 |       ||     4
       Ensorcelled Hiber |    30 |    18 ||    48
  Use: Scroll            |     8 |     1 ||     9
 Stab: Sleeping          |    22 |    11 ||    33
  Eat: Royal jelly       |     1 |       ||     1
       Bread ration      |       |     1 ||     1
Armor: Robe              |    14 |       ||    14
Dodge: Dodged            |   115 |    21 ||   136
